 Dungeon Crawl Stone Soup version 0.21.1-1-g345015f (webtiles) character file.

106 johnjohn the Cudgeler (level 4, -1/45 HPs)
             Began as a Troll Berserker on May 27, 2018.
             Was a Priest of Trog.
             Slain by an adder (2 damage)
             ... on level 3 of the Dungeon.
             The game lasted 00:07:11 (1745 turns).

johnjohn the Cudgeler (Troll Berserker)             Turns: 1745, Time: 00:07:13

Health: -1/45      AC:  5    Str: 25    XL:     4   Next: 55%
Magic:  3/3        EV: 10    Int:  3    God:    Trog [***...]
Gold:   188        SH:  0    Dex: 10    Spells: 3/3 levels left

rFire    . . .     SeeInvis .   l - -2 war axe (curse)
rCold    . . .     Gourm    +   (no shield)
rNeg     . . .     Faith    .   b - +0 animal skin
rPois    .         Spirit   .   (helmet restricted)
rElec    .         Reflect  .   (no cloak)
rCorr    .         Harm     .   (gloves unavailable)
MR       .....                  (boots unavailable)
Stlth    +.........             (no amulet)
HPRegen  0.55/turn              (no ring)
MPRegen  0.08/turn              (no ring)

@: lethally poisoned (-1 -> -6)
A: large, unfitting armour, claws 3, fast metabolism 3, gourmand, regeneration
1, shaggy fur 1, tough skin 2
a: Berserk, Trog's Hand, Burn Spellbooks, Renounce Religion


You were on level 3 of the Dungeon.
You worshipped Trog.
Trog was most pleased with you.
You were not hungry.

You visited 1 branch of the dungeon, and saw 3 of its levels.

You collected 188 gold pieces.

Inventory:

Hand Weapons
 a - a +0 mace
 l - a cursed -2 war axe (weapon)
 m - a +0 battleaxe
Armour
 b - a +0 animal skin (worn)
 h - a +0 robe
Scrolls
 f - 5 scrolls of identify
 g - a scroll of remove curse {unknown}
 i - a scroll of teleportation {unknown}
 j - a scroll of enchant weapon {unknown}
 k - a scroll of fear {unknown}
Potions
 d - a potion of cancellation
Comestibles
 c - 7 rations


   Skills:
 + Level 3.2 Fighting
 * Level 0.1(1.9) Axes
 - Level 3.5 Maces & Flails
 + Level 3.2 Dodging


You had 3 spell levels left.
You didn't know any spells.

Dungeon Overview and Level Annotations

Branches:
Dungeon (3/15)

Altars:
Ashenzari

Annotations:
D:3 kalagan's ghost, amateur DESu


Innate Abilities, Weirdness & Mutations

You are too large for most types of armour.
You have claws for hands.
Your metabolism is lightning-fast.
You like to eat raw meat.
Your natural rate of healing is unusually fast.
You are covered in fur. (AC +1)
You have very tough skin. (AC +2)


Message History

You feel sick. The rat barely misses you. The adder bites you.
* * * LOW HITPOINT WARNING * * *
You are more poisoned.
The adder poisons you!
Kalagan's ghost (amateur Deep Elf Summoner) comes into view.
You feel sick. The adder barely misses you.
An orc comes into view. It is wielding a club.
You feel sick. The adder bites you.
* * * LOW HITPOINT WARNING * * *
You are lethally poisoned!
The adder poisons you!
* * * LOW HITPOINT WARNING * * *
You feel sick. The adder closely misses you. The rat misses you.
The adder closely misses you.
There is a stone staircase leading up here.
* * * LOW HITPOINT WARNING * * *
You feel sick. The rat bites you.
* * * LOW HITPOINT WARNING * * *
The adder bites you.
You die...

....... ......
#....## .....##
..W###.....## ..
#K...$..(..#...
######§#.....>.
...#..§§rS§..)#
#....§§@§§..##
###..§§§##...#
......§§§§....#
###........##...
#......!.# #..(
..........# ....
###.......%# .o.
#........#


You could see an adder and a rat.

Vanquished Creatures
  2 adders (D:2)
  An ooze (D:1)
  A worm (D:2)
  4 dart slugs
  A leopard gecko (D:2)
  6 giant cockroaches
  8 goblins
  10 hobgoblins
  6 jackals (D:1)
  2 ball pythons (D:1)
  4 bats (D:1)
  8 frilled lizards
  10 kobolds
  6 rats
69 creatures vanquished.

Notes
Turn   | Place    | Note
-------+----------+-------------------------------------------
     0 | D:1      | johnjohn the Troll Berserker began the quest for the Orb.
     0 | D:1      | Reached XP level 1. HP: 22/22 MP: 0/0
    61 | D:1      | Reached XP level 2. HP: 29/29 MP: 1/1
   296 | D:1      | Reached XP level 3. HP: 36/36 MP: 2/2
   338 | D:1      | Reached ** piety under Trog
   963 | D:2      | Reached XP level 4. HP: 37/45 MP: 3/3
  1006 | D:2      | Reached *** piety under Trog
  1109 | D:2      | Found a shattered altar of Ashenzari.
  1742 | D:3      | Noticed kalagan's ghost (amateur DESu)
  1745 | D:3      | HP: 1/45 [rat (3)]
  1745 | D:3      | Slain by an adder

Skill      XL: |  1  2  3 |
---------------+----------+-----
Maces & Flails | 3 |  3.5
Fighting       | 3 |  3.2
Dodging        | 3 |  3.2
Axes           | |  0.1

Action                   |  1- 3 |  4- 6 || total
-------------------------+-------+-------++-------
Melee: Mace              |   147 |    49 ||   196
       War axe           |       |    17 ||    17
  Use: Scroll            |       |     2 ||     2
 Stab: Sleeping          |     1 |       ||     1
  Eat: Chunk             |    12 |     5 ||    17
Armor: Animal skin       |    85 |    41 ||   126
Dodge: Dodged            |   112 |    42 ||   154
